 Dungeon Crawl Stone Soup version 0.26-b1-32-g5d43845318 (webtiles) character file.

Game seed: 10901318467750172906

9599 MajorAdolf the Fighter (level 11, -8/154 HPs)
             Began as a Naga Wanderer on Jan 13, 2021.
             Was an Initiate of Gozag.
             Mangled by a white ugly thing (15 damage)
             ... in an ice cave.
             The game lasted 00:27:49 (16732 turns).

MajorAdolf the Fighter (Naga Wanderer)             Turns: 16732, Time: 00:27:50

Health: -8/154     AC: 25    Str: 23    XL:     11   Next: 49%
Magic:  11/11      EV:  1    Int: 14    God:    Gozag
Gold:   438        SH:  4    Dex: 10    Spells: 10/10 levels left

rFire    . . .     SeeInvis +   a - +0 war axe (flame)
rCold    . . .     Faith    .   C - +0 buckler
rNeg     + + +     Spirit   .   (armour currently unavailable)
rPois    +         Reflect  .   (helmet currently unavailable)
rElec    .         Harm     .   (cloak currently unavailable)
rCorr    .         Rampage  .   (gloves currently unavailable)
Will     +....     NoTele   +   (no barding)
Stlth    +++.......             w - amulet of magic regeneration
HPRegen  0.35/turn              e - ring of stealth
MPRegen  0.37/turn              i - +6 ring of strength

@: tree-form, gold aura
A: large, see invisible, spit poison 1, AC +3
a: Spit Poison, Renounce Religion, Potion Petition, Call Merchant, Bribe Branch


You were in an ice cave.
You worshipped Gozag.
Gozag was aware of your devotion.
You were a tree.
You visited 2 branches of the dungeon, and saw 13 of its levels.
You also visited: Ice Cave.

You collected 1330 gold pieces.
You paid 892 gold pieces to Gozag.

Inventory:

Hand Weapons
 a - a +0 war axe of flaming (weapon)
Missiles
 u - a throwing net
Armour
 c - a +0 ring mail of cold resistance (melded)
 l - a +0 helmet (melded)
 p - a +1 cloak of preservation (melded)
 C - a +0 buckler (worn)
 F - a +0 plate armour
 I - a +0 barding (melded)
Jewellery
 e - a ring of stealth (left branch)
 g - an uncursed ring of fire
 i - a +6 ring of strength (right branch)
 w - an amulet of magic regeneration (around neck)
 x - an uncursed ring of resist corrosion
 D - an uncursed amulet of faith
 G - an uncursed ring of fire
Wands
 k - a wand of digging (17)
 q - a wand of iceblast (1)
 t - a wand of disintegration (1)
 N - a wand of flame (22)
Scrolls
 h - 5 scrolls of amnesia
 m - 4 scrolls of remove curse
 r - 2 scrolls of fear
 y - 2 scrolls of brand weapon
 B - a scroll of immolation {unknown}
 J - a scroll of summoning {unknown}
 K - 2 scrolls of teleportation
 L - a scroll of enchant weapon {unknown}
 M - a scroll of fog {unknown}
 P - a scroll of noise {unknown}
Potions
 f - 3 potions of resistance
 j - 2 potions of magic
 n - 3 potions of cancellation
 o - 4 potions of flight
 v - 2 potions of attraction
 H - a potion of invisibility
 O - 3 potions of lignification
Miscellaneous
 E - a lightning rod (inert)


   Skills:
 + Level 8.1 Fighting
 + Level 7.3 Axes
 - Level 1.0(4.6) Polearms
 - Level 1.0 Throwing
 + Level 6.2 Armour
 + Level 6.5 Dodging
 - Level 1.5 Stealth
 + Level 4.9 Shields
 - Level 3.0 Unarmed Combat
 + Level 6.8 Evocations


You had 10 spell levels left.
You didn't know any spells.
Your spell library contained the following spells:

 Spells                   Type           Power        Failure   Level
 Corona                   Hex            0%           28%         1
 Magic Dart               Conj           0%           28%         1
 Blink                    Tloc           N/A          41%         2
 Call Imp                 Summ           0%           41%         2
 Slow                     Hex            0%           41%         2
 Conjure Flame            Conj/Fire      0%           65%         3
 Inner Flame              Hex/Fire       0%           65%         3
 Mephitic Cloud           Conj/Pois/Air  0%           65%         3
 Portal Projectile        Hex/Tloc       0%           65%         3
 Cause Fear               Hex            0%           96%         4
 Leda's Liquefaction      Hex/Erth       0%           96%         4


Dungeon Overview and Level Annotations

Branches:
Dungeon (11/15)            Temple (0/1) D:7            Lair (0/6) D:11
    Orc (2/2) D:9           IceCv (1/1)
    Elf: Orc:2

Altars:
Ashenzari
Dithmenos
Gozag
Kikubaaqudgha
Nemelex Xobeh
Ru
Vehumet
Xom
Yredelemnul

Shops:
D:10 [   Orc:1 [

Annotations:
D:5 loralnil's ghost, novice DEIE
D:8 2 transporters, Hyawatha's ghost, novice TrBr
D:9 Gastronok
D:11 1 runed translucent door


Innate Abilities, Weirdness & Mutations

You cannot wear boots.
((Your serpentine skin is tough. (AC +3)))
You have supernaturally acute eyesight. (SInv)
((Armour fits poorly on your strangely shaped body.))
((Your system is resistant to poisons. (rPois)))
((You cover ground very slowly.))
You can spit poison.


Message History

You closely miss the ice beast.
The ice beast is no longer distracted by gold.
The ice beast is heavily wounded.
You hit the ice beast.
You melt the ice beast.
You hit the white ugly thing. You burn the white ugly thing.
You closely miss the ice beast. You hit the ice beast but do no damage.
The ice beast hits you but does no damage.
The white ugly thing gores you but does no damage.
The ice beast hits you but does no damage. x3
The ice beast becomes distracted by the nearby gold, dreaming of imaginary riches.
You slash the ice beast!
You melt the ice beast.
You kill the ice beast!
You barely miss the ice beast. x2; You hit the white ugly thing.
You burn the white ugly thing. You barely miss the ice beast.
The ice beast is no longer distracted by gold.
The white ugly thing gores you!
* * * LOW HITPOINT WARNING * * *
The white ugly thing freezes you!
You die...
Your body crumbles into a pile of gold.

####
##...####
........##
.........##
..........##
:..8.......#
.$....Y$Y..#
[©$...u♣.∩.#
.!....Y$...#
$..8.......#
..........##
.........##
........##
##...####
####


You could see a white ugly thing and 3 ice beasts.

Vanquished Creatures
  2 two-headed ogres
  An unseen horror (D:9)
  Pikel (D:5)
  A cyclops (D:9)
  An ugly thing (D:11)
  A troll (D:5)
  A hornet (D:8)
  3 yaks (D:11)
  A warg (Orc:1)
  5 orc warriors
  12 ice beasts
  2 sky beasts (D:9)
  3 phantoms
  9 ogres
  2 centaurs
  6 bullfrogs
  2 gnoll sergeants (D:6)
  2 scorpions
  6 killer bees
  8 howler monkeys
  2 bullfrog zombies (D:5)
  A centaur zombie (D:10)
  A quasit (D:9)
  7 hounds
  7 orc wizards
  8 orc priests
  4 bullfrog skeletons
  4 gnoll shamans (D:6)
  A centaur skeleton (D:6)
  2 iguanas
  5 worker ants
  A killer bee zombie (D:4)
  2 hound zombies
  A howler monkey skeleton (D:9)
  11 gnolls (D:6)
  9 adders
  A shadow imp (D:6)
  3 white imps
  An ooze (D:7)
  An adder skeleton (D:7)
  An adder zombie (D:5)
  3 worms
  A dart slug (D:2)
  4 leopard geckos
  54 orcs
  A ball python (D:1)
  11 giant cockroaches
  8 goblins
  5 hobgoblins
  20 jackals
  10 kobolds
  A quokka (D:7)
  8 bats
  4 frilled lizards
  2 leopard gecko zombies
  A quokka zombie (D:8)
  4 rats
279 creatures vanquished.

Notes
Turn   | Place    | Note
-------+----------+-------------------------------------------
     0 | D:1      | MajorAdolf the Naga Wanderer began the quest for the Orb.
     0 | D:1      | MajorAdolf set off with the following items: a +2 dagger, a
                  | potion of heal wounds, a +0 spear, a potion of curing, a +0
                  | robe
     0 | D:1      | Reached XP level 1. HP: 19/19 MP: 1/1
    66 | D:1      | Reached XP level 2. HP: 17/26 MP: 2/2
   674 | D:1      | Reached skill level 1 in Armour
  1329 | D:2      | Found a sparkling altar of Nemelex Xobeh.
  1364 | D:2      | Reached XP level 3. HP: 33/33 MP: 3/3
  2576 | D:3      | Reached XP level 4. HP: 30/40 MP: 4/4
  2834 | D:3      | Reached skill level 3 in Fighting
  3513 | D:3      | Reached skill level 1 in Axes
  3513 | D:3      | Reached XP level 5. HP: 13/49 MP: 5/5
  4067 | D:4      | Reached XP level 6. HP: 56/56 MP: 6/6
  4823 | D:5      | Entered Level 5 of the Dungeon
  4823 | D:5      | Noticed Pikel
  4833 | D:5      | Noticed an orc warrior
  4834 | D:5      | Killed Pikel
  4835 | D:5      | Reached skill level 4 in Fighting
  4835 | D:5      | Reached XP level 7. HP: 23/66 MP: 7/7
  5059 | D:5      | Found a runed translucent gate.
  5059 | D:5      | Found a runed translucent gate.
  5059 | D:5      | Found a runed translucent gate.
  5311 | D:5      | Found an opulent altar of Gozag.
  5317 | D:5      | Reached XP level 8. HP: 73/73 MP: 8/8
  5508 | D:5      | Identified the cursed +1 ring mail "Qyin" {Harm rCorr}
  5838 | D:5      | Noticed a troll
  5838 | D:5      | Noticed loralnil's ghost (novice DEIE)
  5874 | D:5      | Reached skill level 5 in Fighting
  6087 | D:5      | Found a shadowy altar of Dithmenos.
  6088 | D:5      | Found an ancient bone altar of Kikubaaqudgha.
  6267 | D:5      | Found a basalt altar of Yredelemnul.
  7366 | D:6      | Reached XP level 9. HP: 67/81 MP: 9/9
  8566 | D:7      | Found a staircase to the Ecumenical Temple.
  8853 | D:7      | Reached skill level 6 in Fighting
  9169 | D:7      | Reached skill level 5 in Axes
  9331 | D:8      | Found a radiant altar of Vehumet.
  9996 | D:8      | Reached skill level 5 in Dodging
 10024 | D:8      | Found a transporter.
 10029 | D:8      | Noticed Hyawatha's ghost (novice TrBr)
 10031 | D:8      | Noticed a centaur warrior
 10060 | D:8      | Found a transporter.
 10275 | D:8      | Found a sparkling altar of Nemelex Xobeh.
 10278 | D:8      | Found a sacrificial altar of Ru.
 10300 | D:8      | Found a shimmering altar of Xom.
 10350 | D:8      | Reached skill level 5 in Evocations
 10600 | D:9      | Found a broken altar of Ashenzari.
 10625 | D:9      | Noticed an unseen horror
 10633 | D:9      | Reached XP level 10. HP: 85/92 MP: 10/10
 10638 | D:9      | Reached skill level 5 in Armour
 10876 | D:9      | Killed an unseen horror
 11142 | D:9      | Noticed a two-headed ogre
 11164 | D:9      | Killed a two-headed ogre
 11165 | D:9      | Reached skill level 7 in Fighting
 11193 | D:9      | Noticed Gastronok
 11198 | D:10     | Entered Level 10 of the Dungeon
 12134 | D:10     | Noticed a two-headed ogre
 12142 | D:10     | Killed a two-headed ogre
 12306 | D:10     | Found Ahaowk's Armour Shop.
 12634 | D:9      | Noticed a cyclops
 13119 | D:5      | Became a worshipper of Gozag Ym Sagoz the Greedy
 13205 | D:8      | Reached XP level 11. HP: 30/100 MP: 11/11
 13682 | D:9      | Killed a cyclops
 13989 | D:9      | Found a staircase to the Orcish Mines.
 14195 | Orc:1    | Entered Level 1 of the Orcish Mines
 15736 | Orc:2    | Entered Level 2 of the Orcish Mines
 15893 | Orc:2    | Noticed an orc knight
 16394 | D:10     | Got an ancient ring mail
 16406 | D:10     | Identified the +1 ring mail "Xovuupt" {Harm Regen+ Dex-2
                  | SInv} (You found it on level 10 of the Dungeon)
 16549 | D:11     | Noticed a cyan ugly thing
 16570 | D:11     | Killed a cyan ugly thing
 16586 | D:11     | Found a runed translucent door.
 16591 | D:11     | Noticed a necromancer
 16591 | D:11     | Noticed an ettin
 16633 | D:11     | Found a frozen archway.
 16660 | D:11     | Reached skill level 8 in Fighting
 16718 | IceCv    | Entered an ice cave
 16718 | IceCv    | Noticed a white ugly thing
 16726 | IceCv    | HP: 7/154 [white ugly thing (16)]
 16732 | IceCv    | HP: 7/154 [white ugly thing (7)]
 16732 | IceCv    | Mangled by a white ugly thing

Illustrated notes

Levels and vault maps discovered:
D:1:      dpeg_arrival_court, layout_basic, minmay_hedge_maze,
          chequers_serial_rivers_small_b, serial_bayou_pond_e, st_stairs_1,
          minmay_misc_feat_five, minmay_cut_off
D:2:      layout_basic, nemelex_altar_shiori
D:3:      layout_basic
D:4:      layout_cave_pools
D:5:      layout_rooms, gammafunk_temple_overflow_wave, kennysheep_mini,
          ebering_ghost_gozag, uniq_pikel
D:6:      layout_cave_pools, serial_gnoll_camp, gnoll_camp_huts_basic,
          gnoll_camp_mini_loothouse, gnoll_camp_mini_hut, gnoll_camp_mini_house,
          gnoll_camp_mini_hut, minmay_holes
D:7:      layout_basic, minmay_temple_entry_from_below_b
D:8:      layout_rooms, grunt_temple_overflow_diamond, lemuel_round_altar,
          gammafunk_ghost_arena, lightli_corner_chamber
D:9:      nzn_winding_woodlands_small [nzn_winding_woodlands_5x15_pockets,
          nzn_winding_woodlands_center_pierced_h,
          nzn_winding_woodlands_5x15_crooked], layout_cave_pools,
          ashenzari_conservatory_becter, orc_0_dummy, uniq_gastronok
D:10:     layout_gridville, serial_shops, nicolae_shop_window_shopping
D:11:     layout_irregular_city, dpeg_oklobed_lair, gauntlet_entry_generic,
          muffindrake_ghost_dual_entry, portal_ice_cave_entry_ice_beasts,
          nicolae_tso_swordbearing_angel, uniq_psyche
Orc:1:    layout_diamond_mine, basic_altar, serial_shops, shop
Orc:2:    grunt_orc_cross, layout_caves, nicolae_orc_bridge_out,
          amcnicky_altar_gilded
IceCv:    ice_cave_statue_garden_transporter

Skill      XL: |  1  2  3  4  5  6  7  8  9 10 11 |
---------------+----------------------------------+-----
Armour         | 1 2 3 4 5 6 |  6.2
Fighting       | 3 4 5 6 7 8 |  8.1
Dodging        | 2 3 4 5 6 |  6.5
Axes           | 1 3 4 5 6 7 |  7.3
Evocations     | 2 3 5 6 |  6.8
Shields        | 2 4 |  4.9
Polearms       | |  1.0
Throwing       | |  1.0
Stealth        | |  1.5
Unarmed Combat | |  3.0

Action                   |  1- 3 |  4- 6 |  7- 9 | 10-12 || total
-------------------------+-------+-------+-------+-------++-------
Melee: Dagger            |   151 |   166 |    14 |       ||   331
       Punch             |       |     2 |     2 |       ||     4
       Hand axe          |       |       |    25 |       ||    25
       War axe           |       |       |   454 |   382 ||   836
Invok: Call Merchant     |       |       |       |     1 ||     1
 Abil: Spit Poison       |     4 |    12 |     3 |     1 ||    20
Evoke: Wand              |       |     6 |     7 |    13 ||    26
       Lightning rod     |       |       |       |     4 ||     4
  Use: Scroll            |     8 |     3 |     7 |     9 ||    27
       Potion            |       |     1 |       |    11 ||    12
 Stab: Sleeping          |       |     1 |       |       ||     1
       Paralysed         |       |       |       |    16 ||    16
Armor: Robe              |    13 |       |       |       ||    13
       Chain mail        |    13 |       |   378 |   179 ||   570
       Ring mail         |     6 |    22 |       |    35 ||    63
       Leather armour    |     3 |       |       |       ||     3
       Scale mail        |       |    77 |     8 |       ||    85
       Plate armour      |       |       |       |    64 ||    64
       Skin              |       |       |       |    36 ||    36
Dodge: Dodged            |    68 |   101 |   173 |   144 ||   486
Block: Buckler           |       |       |    45 |    95 ||   140
